NCAA
ILLINOIS FIGHTING ILLINI @ WASHINGTON STATE COUGARS
04/27/2023
 
TOP OF THE 1ST
Illinois Fighting Illini batting - Pitching for Washington State Cougars : RHP Seth Berry
Pitching: RHP Seth Berry
Batting: RHB Buddy Griffin 0-0: Ground out 5-3 (Groundball, 56)
Batting: SHB Jared McNayer 0-0: Called Strike
0-1: Swinging Strike
0-2: Ball
1-2: Ball
2-2: Ball
3-2: Ground out U3 (Groundball, 3)
Batting: LHB Milton Watson 0-0: Ball
1-0: Swinging Strike
1-1: Swinging Strike
1-2: Ball
2-2: Ball
3-2: Base on Balls
Batting: RHB Clinton Barton 0-0: Ball
1-0: Ball
2-0: Fly out, F8 (Flyball, 8RM)
Top of the 1st over - 0 run(s), 0 hit(s), 0 error(s), 1 left on base; Illinois 0 - Washington State 0
BOTTOM OF THE 1ST
Washington State Cougars batting - Pitching for Illinois Fighting Illini : RHP Ralph Jackson
Pitching: RHP Ralph Jackson
Batting: RHB Ramón Román 0-0: Ball
1-0: Called Strike
1-1: Ball
2-1: Ball
3-1: Base on Balls
Batting: RHB José Velázquez 0-0: Called Strike
0-1: Foul Ball, location: 2F
0-2: Strikes out looking
Batting: SHB Tony Matos 0-0: Swinging Strike
0-1: Swinging Strike
0-2: Ball
1-2: Ball
2-2: Strikes out looking
Batting: LHB Allen Shepherd 0-0: Called Strike
0-1: Called Strike
0-2: Ball
1-2: Foul Ball, location: 2F
1-2: Strikes out looking
Bottom of the 1st over - 0 run(s), 0 hit(s), 0 error(s), 1 left on base; Illinois 0 - Washington State 0
TOP OF THE 2ND
Illinois Fighting Illini batting - Pitching for Washington State Cougars : RHP Seth Berry
Batting: RHB Michael Jones 0-0: Ball
1-0: Ball
2-0: Foul Ball, location: 2F
2-1: SINGLE (Line Drive, 78S)
Batting: LHB Steven Fox 0-0: Foul Ball, location: 2F
0-1: Ball
1-1: Foul Ball, location: 2F
1-2: Ball
2-2: Grounds into double play, 1-6-3 (Groundball, 13S)
Batting: RHB Brandon Berry 0-0: Hit by Pitch
Batting: LHB Joe Alexander 0-0: Called Strike
0-1: Ball
1-1: Fly out, F8 (Flyball, 8LM)
Top of the 2nd over - 0 run(s), 1 hit(s), 0 error(s), 1 left on base; Illinois 0 - Washington State 0
BOTTOM OF THE 2ND
Washington State Cougars batting - Pitching for Illinois Fighting Illini : RHP Ralph Jackson
Batting: RHB Tommy Wilson 0-0: Called Strike
0-1: Called Strike
0-2: Foul Ball, location: 2F
0-2: Ball
1-2: Foul Ball, location: 2F
1-2: Ball
2-2: Ball
3-2: Base on Balls
Batting: SHB Martín Cruz 0-0: Ball
1-0: Foul Ball, location: 2F
1-1: Hit by Pitch
Tommy Wilson to second
Batting: RHB Enrique Cruz 0-0: 3-RUN HOME RUN (Line Drive, 7LD), Distance : 344 ft
Batting: RHB Jayson Clark 0-0: Ground out U3 (Groundball, 3L)
Batting: RHB Keith Ivey 0-0: Foul Ball, location: 2F
0-1: Ball
1-1: Foul Ball, location: 2F
1-2: Foul Ball, location: 2F
1-2: Strikes out swinging
Batting: RHB Ramón Román 0-0: Ground out 6-3 (Groundball, 56)
Bottom of the 2nd over - 3 run(s), 1 hit(s), 0 error(s), 0 left on base; Illinois 0 - Washington State 3
TOP OF THE 3RD
Illinois Fighting Illini batting - Pitching for Washington State Cougars : RHP Seth Berry
Batting: RHB Jeremiah Boswell 0-0: Called Strike
0-1: Ground out 6-3 (Groundball, 6)
Batting: RHB Buddy Griffin 0-0: Called Strike
0-1: Ground out 1-3 (Groundball, 13S)
Batting: SHB Jared McNayer 0-0: Foul Ball, location: 2F
0-1: Fly out, F2 (Popup, 25F)
Top of the 3rd over - 0 run(s), 0 hit(s), 0 error(s), 0 left on base; Illinois 0 - Washington State 3
BOTTOM OF THE 3RD
Washington State Cougars batting - Pitching for Illinois Fighting Illini : RHP Ralph Jackson
Batting: RHB José Velázquez 0-0: Ball
1-0: SINGLE (Groundball, 5L)
Batting: SHB Tony Matos 0-0: Ground out 4-3 (Groundball, 4M)
José Velázquez to second
Batting: LHB Allen Shepherd 0-0: Ball
1-0: Ball
2-0: Foul Ball, location: 2F
2-1: SINGLE (Line Drive, 89S)
José Velázquez to third
Batting: RHB Tommy Wilson 0-0: Ball
1-0: Ball
Throwing error on steal attempt, E2
José Velázquez scores
Allen Shepherd to third
2-0: Ball
3-0: Base on Balls
Batting: SHB Martín Cruz 0-0: Ball
1-0: Foul Ball, location: 2F
1-1: Ball
2-1: Called Strike
2-2: Foul Ball, location: 2F
2-2: Strikes out swinging
Batting: RHB Enrique Cruz 0-0: Called Strike
0-1: Swinging Strike
0-2: Strikes out swinging
Bottom of the 3rd over - 1 run(s), 2 hit(s), 1 error(s), 2 left on base; Illinois 0 - Washington State 4
TOP OF THE 4TH
Illinois Fighting Illini batting - Pitching for Washington State Cougars : RHP Seth Berry
Batting: LHB Milton Watson 0-0: Ball
1-0: Ball
2-0: Fly out, F8 (Flyball, 8LD)
Batting: RHB Clinton Barton 0-0: Called Strike
0-1: Swinging Strike
0-2: Ground out 3-1 (Groundball, 34)
Batting: RHB Michael Jones 0-0: Ball
1-0: Ball
2-0: Ball
3-0: Called Strike
3-1: Called Strike
3-2: DOUBLE (Groundball, 5L)
Batting: LHB Steven Fox 0-0: Called Strike
0-1: Ball
1-1: Fly out, F5 (Popup, 5F)
Top of the 4th over - 0 run(s), 1 hit(s), 0 error(s), 1 left on base; Illinois 0 - Washington State 4
BOTTOM OF THE 4TH
Washington State Cougars batting - Pitching for Illinois Fighting Illini : RHP Ralph Jackson
Batting: RHB Jayson Clark 0-0: Ball
1-0: Called Strike
1-1: Foul Ball, location: 2F
1-2: Ball
2-2: Strikes out swinging
Batting: RHB Keith Ivey 0-0: Ball
1-0: Ball
2-0: Ball
3-0: Called Strike
3-1: Ground out 6-3 (Groundball, 6)
Batting: RHB Ramón Román 0-0: Ball
1-0: Called Strike
1-1: Called Strike
1-2: Foul Ball, location: 2F
1-2: Ball
2-2: Strikes out swinging
Bottom of the 4th over - 0 run(s), 0 hit(s), 0 error(s), 0 left on base; Illinois 0 - Washington State 4
TOP OF THE 5TH
Illinois Fighting Illini batting - Pitching for Washington State Cougars : RHP Seth Berry
Batting: RHB Brandon Berry 0-0: Foul Ball, location: 2F
0-1: Ball
1-1: Ball
2-1: Foul Ball, location: 2F
2-2: Hit by Pitch
Batting: LHB Joe Alexander 0-0: Ball
1-0: Ball
Wild Pitch!
Brandon Berry to second
2-0: 2-RUN HOME RUN (Flyball, 9LD), Distance : 324 ft
Batting: RHB Jeremiah Boswell 0-0: Ball
1-0: DOUBLE (Line Drive, 7LM)
Batting: RHB Buddy Griffin 0-0: Ball
1-0: Foul Ball, location: 2F
1-1: DOUBLE (Line Drive, 89M)
Jeremiah Boswell scores
Batting: SHB Jared McNayer 0-0: Ball
1-0: Ball
2-0: Foul Ball, location: 2F
2-1: Swinging Strike
2-2: Foul Ball, location: 2F
2-2: TRIPLE (Line Drive, 3L)
Buddy Griffin scores
Batting: LHB Milton Watson 0-0: Ball
1-0: Called Strike
1-1: Foul Ball, location: 2F
1-2: Ball
2-2: Foul Ball, location: 2F
2-2: Ball
3-2: Foul Ball, location: 2F
3-2: Fly out, F5 (Line Drive, 56)
Batting: RHB Clinton Barton 0-0: Called Strike
0-1: Swinging Strike
0-2: Ball
1-2: Fly out, F9 (Flyball, 9LM)
Runner from 3rd tags up, SCORES, no throw
Batting: RHB Michael Jones 0-0: Ball
1-0: Ball
2-0: Called Strike
2-1: DOUBLE (Line Drive, 6MS)
Pitching: RHP Jorge González
Batting: LHB Steven Fox 0-0: Ball
1-0: Called Strike
1-1: Ball
2-1: Swinging Strike
2-2: Ball
3-2: Base on Balls
Batting: RHB Brandon Berry 0-0: Called Strike
0-1: Foul Ball, location: 2F
0-2: Ball
1-2: Fly out, F8 (Flyball, 8LM)
Top of the 5th over - 5 run(s), 5 hit(s), 0 error(s), 2 left on base; Illinois 5 - Washington State 4
BOTTOM OF THE 5TH
Washington State Cougars batting - Pitching for Illinois Fighting Illini : RHP Ralph Jackson
Batting: RHB José Velázquez 0-0: Called Strike
0-1: Called Strike
0-2: Fly out, F7 (Flyball, 7M)
Batting: SHB Tony Matos 0-0: Ball
1-0: Called Strike
1-1: Foul Ball, location: 2F
1-2: Ground out 4-3 (Groundball, 4)
Batting: LHB Allen Shepherd 0-0: Called Strike
0-1: Called Strike
0-2: Ball
1-2: Ball
2-2: Strikes out swinging
Bottom of the 5th over - 0 run(s), 0 hit(s), 0 error(s), 0 left on base; Illinois 5 - Washington State 4
TOP OF THE 6TH
Illinois Fighting Illini batting - Pitching for Washington State Cougars : RHP Jorge González
Batting: LHB Joe Alexander 0-0: Called Strike
0-1: Ball
1-1: Ball
2-1: Ball
3-1: Base on Balls
Batting: RHB Jeremiah Boswell 0-0: Ball
1-0: Foul Ball, location: 2F
1-1: Ball
2-1: Ball
3-1: Fly out, F9 (Flyball, 89D)
Batting: RHB Buddy Griffin 0-0: Ball
1-0: Ball
2-0: Ball
Joe Alexander steals 2nd base
3-0: Called Strike
3-1: SINGLE (Line Drive, 6D)
Joe Alexander to third
Batting: SHB Jared McNayer 0-0: Called Strike
Buddy Griffin steals 2nd base
0-1: Ball
1-1: Swinging Strike
1-2: Ball
2-2: Ball
3-2: Foul Ball, location: 2F
3-2: Base on Balls
Batting: LHB Milton Watson 0-0: Hit by Pitch
Joe Alexander scores
Buddy Griffin to third
Jared McNayer to second
Batting: RHB Clinton Barton 0-0: Ball
1-0: Fly out, F6 (Line Drive, 6)
Batting: RHB Michael Jones 0-0: Called Strike
0-1: Ball
1-1: Ball
2-1: Ground out 5-3 (Groundball, 5S)
Top of the 6th over - 1 run(s), 1 hit(s), 0 error(s), 3 left on base; Illinois 6 - Washington State 4
BOTTOM OF THE 6TH
Washington State Cougars batting - Pitching for Illinois Fighting Illini : RHP Ralph Jackson
Pitching: RHP Steve Lawrence
Batting: RHB Tommy Wilson 0-0: Foul Ball, location: 2F
0-1: Ball
1-1: Foul Ball, location: 2F
1-2: Ball
2-2: Strikes out swinging
Batting: SHB Martín Cruz 0-0: Ball
1-0: Ball
2-0: Foul Ball, location: 2F
2-1: SINGLE (Line Drive, 89S)
Batting: RHB Enrique Cruz 0-0: Ball
1-0: Ball
Martín Cruz steals 2nd base
2-0: Swinging Strike
2-1: Ball
3-1: Called Strike
3-2: Strikes out looking
Batting: RHB Jayson Clark 0-0: Ball
1-0: Called Strike
1-1: SINGLE (Groundball, 6MD)
Martín Cruz to third
Runner from 3rd tries for Home, SAFE, no throw or cutoff
Batting: RHB Keith Ivey 0-0: Ground out 4-3 (Groundball, 4)
Bottom of the 6th over - 1 run(s), 2 hit(s), 0 error(s), 1 left on base; Illinois 6 - Washington State 5
TOP OF THE 7TH
Illinois Fighting Illini batting - Pitching for Washington State Cougars : RHP Jorge González
Batting: LHB Steven Fox 0-0: Called Strike
0-1: Ball
1-1: Fly out, F7 (Flyball, 7M)
Batting: RHB Brandon Berry 0-0: Ball
1-0: Ball
2-0: Ball
3-0: Called Strike
3-1: Base on Balls
Batting: LHB Joe Alexander 0-0: Ball
1-0: Swinging Strike
1-1: Ball
2-1: Foul Ball, location: 2F
2-2: Strikes out swinging
Pitching: RHP Jay Hill
Batting: RHB Jeremiah Boswell 0-0: Ball
1-0: SINGLE (Groundball, 56)
Brandon Berry to second
Batting: RHB Buddy Griffin 0-0: Foul Ball, location: 2F
0-1: Swinging Strike
0-2: Foul Ball, location: 2F
0-2: Fly out, F3 (Popup, 3SF)
Top of the 7th over - 0 run(s), 1 hit(s), 0 error(s), 2 left on base; Illinois 6 - Washington State 5
BOTTOM OF THE 7TH
Washington State Cougars batting - Pitching for Illinois Fighting Illini : RHP Steve Lawrence
Batting: RHB Ramón Román 0-0: Foul Ball, location: 2F
0-1: Ball
1-1: Called Strike
1-2: Strikes out swinging
Batting: RHB José Velázquez 0-0: Swinging Strike
0-1: Called Strike
0-2: Ball
1-2: Ball
2-2: Ground out 5-3 (Groundball, 56)
Batting: SHB Tony Matos 0-0: Foul Ball, location: 2F
0-1: Called Strike
0-2: DOUBLE (Groundball, 3L)
Batting: LHB Allen Shepherd 0-0: Ball
1-0: Called Strike
1-1: Called Strike
1-2: SINGLE (Line Drive, 89S)
Tony Matos to third
Runner from 3rd tries for Home, SAFE, no throw or cutoff
Batting: RHB Tommy Wilson 0-0: Foul Ball, location: 2F
0-1: Ball
1-1: Ball
2-1: Swinging Strike
2-2: Foul Ball, location: 2F
2-2: SINGLE (Line Drive, 7S)
Allen Shepherd to second
Pitching: LHP Mike MacDonald
Batting: SHB Martín Cruz 0-0: Foul Ball, location: 2F
0-1: Swinging Strike
0-2: Ball
1-2: Strikes out swinging
Bottom of the 7th over - 1 run(s), 3 hit(s), 0 error(s), 2 left on base; Illinois 6 - Washington State 6
TOP OF THE 8TH
Illinois Fighting Illini batting - Pitching for Washington State Cougars : RHP Jay Hill
Batting: SHB Jared McNayer 0-0: SINGLE (Groundball, 6MD)
Batting: LHB Milton Watson 0-0: Ball
1-0: Foul Ball, location: 2F
1-1: Swinging Strike
1-2: Ball
2-2: Ball
3-2: Base on Balls
Jared McNayer to second
Batting: RHB Clinton Barton 0-0: Ball
1-0: Called Strike
1-1: Called Strike
1-2: Ball
2-2: Ball
3-2: Strikes out swinging
Batting: RHB Michael Jones 0-0: Called Strike
0-1: Ball
1-1: Foul Ball, location: 2F
1-2: Strikes out looking
Batting: LHB Steven Fox 0-0: Ball
1-0: Called Strike
1-1: Fly out, F7 (Flyball, 7M)
Top of the 8th over - 0 run(s), 1 hit(s), 0 error(s), 2 left on base; Illinois 6 - Washington State 6
BOTTOM OF THE 8TH
Washington State Cougars batting - Pitching for Illinois Fighting Illini : LHP Mike MacDonald
Batting: RHB Enrique Cruz 0-0: Called Strike
0-1: Foul Ball, location: 2F
0-2: SINGLE (Flyball, 8LS)
Batting: RHB Jayson Clark 0-0: Ball
1-0: Bunted foul
1-1: Bunted foul
1-2: Ground out 4-3 (Groundball, 4M)
Enrique Cruz to second
Batting: RHB Keith Ivey 0-0: Intentional Walk
Batting: RHB Ramón Román 0-0: Swinging Strike
0-1: Called Strike
0-2: Ball
1-2: Strikes out looking
Batting: RHB José Velázquez 0-0: Ball
1-0: Ball
2-0: SINGLE (Line Drive, 9S)
Enrique Cruz to third
Keith Ivey to second
Runner from 3rd tries for Home, SAFE, no throw or cutoff
Batting: SHB Tony Matos 0-0: Ball
1-0: Ball
2-0: Called Strike
2-1: Foul Ball, location: 2F
2-2: Ball
3-2: SINGLE (Groundball, 6MD)
Keith Ivey to third
José Velázquez to second
Keith Ivey scores
José Velázquez to third
Batting: LHB Allen Shepherd 0-0: Ball
1-0: Foul Ball, location: 2F
1-1: Foul Ball, location: 2F
1-2: Strikes out swinging
Bottom of the 8th over - 2 run(s), 3 hit(s), 0 error(s), 2 left on base; Illinois 6 - Washington State 8
TOP OF THE 9TH
Illinois Fighting Illini batting - Pitching for Washington State Cougars : RHP Jay Hill
Pitching: RHP John Wooten
Now at C: Víctor Ocampo
Batting: RHB Brandon Berry 0-0: Called Strike
0-1: Ball
1-1: Ball
2-1: Foul Ball, location: 2F
2-2: Foul Ball, location: 2F
2-2: Ball
3-2: Base on Balls
Batting: LHB Joe Alexander 0-0: Called Strike
0-1: Ball
1-1: Ball
2-1: SINGLE (Groundball, 34D)
Brandon Berry to second
Runner from 2nd tries for 3rd, SAFE, throw made to third
Joe Alexander to second
Batting: RHB Jeremiah Boswell 0-0: Swinging Strike
0-1: Foul Ball, location: 2F
0-2: Foul Ball, location: 2F
0-2: Fly out, F7 (Flyball, 7M)
Batting: RHB Buddy Griffin 0-0: Ball
1-0: Ball
2-0: Called Strike
2-1: Ball
3-1: Base on Balls
Batting: SHB Jared McNayer 0-0: Called Strike
0-1: Foul Ball, location: 2F
0-2: Foul Ball, location: 2F
0-2: Strikes out swinging
Batting: LHB Milton Watson 0-0: Ball
1-0: Fielders Choice at 2nd, 5-4 (Groundball, 5)
Top of the 9th over - 0 run(s), 1 hit(s), 0 error(s), 2 left on base; Illinois 6 - Washington State 8
This league is powered by Out of the Park Baseball, the baseball management simulation game for PC, Mac and Linux
Wednesday, December 2nd, 2015 - OOTP Baseball 16.8 Build 38